 Dungeon Crawl Stone Soup version 0.30.0-19-g36f170ea60 (webtiles) character file.

Game seed: 7287998111411355920

122 Graphine the Ducker (level 5, -6/43 HPs)
             Began as a Merfolk Monk on May 28, 2023.
             Was a Priest of Fedhas.
             Mangled by Pikel
             ... wielding a +2 whip of electrocution
              (13 damage)
             ... on level 4 of the Dungeon.
             The game lasted 00:06:05 (2331 turns).

Graphine the Ducker (Merfolk Monk)                  Turns: 2331, Time: 00:06:05

Health: -6/43      AC: 10    Str: 12    XL:     5   Next: 6%
Magic:  5/5        EV: 15    Int: 12    God:    Fedhas [***...]
Gold:   93         SH:  0    Dex: 24    Spells: 4/4 levels left

rFire   . . .        a - +3 falchion
rCold   . . .        d - orb {light}
rNeg    . . .        k - +1 leather armour {rPois}
rPois   +            r - +2 helmet {Int+3}
rElec   .            (no cloak)
rCorr   +            g - +2 pair of gloves
SInv    .            (no boots)
Will    .....        (no amulet)
Stlth   +            m - +6 ring of dexterity
HPRegen 0.27/turn    n - ring of resist corrosion
MPRegen 0.09/turn

%: no passive effects
@: glowing
A: (nimble swimmer 2), mertail
a: Renounce Religion, Wall of Briars, Grow Ballistomycete


You were on level 4 of the Dungeon.
You worshipped Fedhas.
Fedhas was most pleased with you.
You visited 1 branch of the dungeon, and saw 4 of its levels.

You collected 93 gold pieces.

Inventory:

Hand Weapons
 a - a +3 falchion (weapon)
Missiles
 o - 5 poisoned darts (quivered)
Armour
 d - an orb of light (worn)
 g - a +2 pair of gloves (worn)
 k - a +1 leather armour of poison resistance (worn)
 r - a +2 helmet of intelligence (worn)
Jewellery
 b - a +4 ring of slaying
 m - a +6 ring of dexterity (left hand)
 n - a ring of resist corrosion (right hand)
Scrolls
 f - a scroll of identify
 s - a scroll of teleportation
Potions
 c - 2 potions of ambrosia
 e - a potion of magic {unknown}
 h - a potion of mutation
 i - a potion of might
 j - a potion of cancellation {unknown}
 l - 5 potions of curing
 p - 2 potions of invisibility
 q - a potion of haste {unknown}


   Skills:
 + Level 4.4 Fighting
 + Level 4.9 Long Blades
 + Level 5.3 Dodging


You had 4 spell levels left.
You didn't know any spells.
Your spell library contained the following spells:

 Spells                   Type           Power      Damage    Failure   Level
 Magic Dart               Conj           0%         1d3       38%         1
 Searing Ray              Conj           0%         2d4       54%         2
 Vhi's Electric Charge    Tloc/Air       0%         N/A       77%         3
 Fulminant Prism          Conj/Hex       0%         3d5       99%         4
 Arcjolt                  Conj/Air       0%         1d10      100%        5
 Plasma Beam              Fire/Air       0%         2x1d11    100%        6


Dungeon Overview and Level Annotations

Branches:
Dungeon (4/15)
 Temple: D:4-7

Altars:
Elyvilon
Fedhas

Annotations:
D:4 Pikel


Innate Abilities, Weirdness & Mutations

((You are very nimble when in or above water. (Stealth+, EV+, Speed+++)))
Your lower body shifts to a powerful aquatic tail in water.


Message History

You hit Pikel but do no damage.
Pikel is heavily wounded.
You hear a shout!
The lemure hits you but does no damage. Pikel hits you but does no damage.
You are electrocuted!
Hit: a) +3 falchion
Press: ? - help, Dir - move target, f/p - Pikel
Aim: Pikel, wielding a +2 whip of electrocution and wearing a +0 robe (heavily wounded, haloed, about 21% to evade your +3 falchion)
You barely miss Pikel.
Pikel is heavily wounded.
The lemure hits you but does no damage. Pikel closely misses you.
Hit: a) +3 falchion
Press: ? - help, Dir - move target, f/p - Pikel
Aim: Pikel, wielding a +2 whip of electrocution and wearing a +0 robe (heavily wounded, haloed, about 21% to evade your +3 falchion)
You hit Pikel but do no damage.
Pikel is heavily wounded.
A lemure comes into view.
Pikel waves his whip at you.
Pikel hits you with a +2 whip of electrocution.
Hit: a) +3 falchion
Press: ? - help, Dir - move target, f/p - Pikel
Aim: Pikel, wielding a +2 whip of electrocution and wearing a +0 robe (heavily wounded, haloed, about 21% to evade your +3 falchion)
You closely miss Pikel.
Pikel is heavily wounded.
Pikel hits you but does no damage. The lemure hits you.
Hit: a) +3 falchion
Press: ? - help, Dir - move target, f/p - Pikel
Aim: Pikel, wielding a +2 whip of electrocution and wearing a +0 robe (heavily wounded, haloed, about 21% to evade your +3 falchion)
You closely miss Pikel.
Pikel is heavily wounded.
The lemure closely misses you. x2
Pikel hits you with a +2 whip of electrocution!
* * * LOW HITPOINT WARNING * * *
The lemure attacks as you move away! The lemure barely misses you.
The lemure misses you. The lemure attacks as you move away!
The lemure hits you but does no damage. Pikel attacks as you move away!
Pikel hits you but does no damage.
You are electrocuted!
You die...
Fedhas appreciates your contribution to the ecosystem.

####### #.....######
#..........#
###..#######.###
#....# #...######
#.##.# +....@K5.#.##
#.##.# #...#55.....#
#.##.# #..##.##.....P
#.##.#######.##.5.#
#....
#.##.........##....5
..P
#......########.......
.. ####.### ##.###.#.P
#.# #.# .# . #.# ... #


You could see Pikel and 4 lemures.

Vanquished Creatures
  3 gnolls (D:3)
  3 adders
  A worm (D:2)
  A dart slug (D:1)
  6 ball pythons
  7 bats
  8 endoplasms
  2 giant cockroaches
  4 goblins
  3 hobgoblins
  4 jackals (D:2)
  A quokka (D:3)
  7 frilled lizards
  6 kobolds
  6 rats
62 creatures vanquished.

Notes
Turn   | Place    | Note
-------+----------+-------------------------------------------
     0 | D:1      | Graphine the Merfolk Monk began the quest for the Orb.
     0 | D:1      | Reached XP level 1. HP: 18/18 MP: 1/1
   210 | D:1      | Reached XP level 2. HP: 23/24 MP: 2/2
   358 | D:1      | Found a faded altar of an unknown god.
   415 | D:1      | Prayed at the altar of an unknown god.
   415 | D:1      | Became a worshipper of Fedhas Madash
   415 | D:1      | Reached * piety under Fedhas
   415 | D:1      | Reached ** piety under Fedhas
   458 | D:1      | Reached XP level 3. HP: 30/30 MP: 3/3
   475 | D:1      | Reached *** piety under Fedhas
  1359 | D:2      | Reached XP level 4. HP: 23/37 MP: 4/4
  1361 | D:2      | Reached skill level 5 in Dodging
  1970 | D:3      | Found a white marble altar of Elyvilon.
  1977 | D:3      | Reached XP level 5. HP: 43/43 MP: 5/5
  2316 | D:4      | Noticed Pikel
  2316 | D:4      | Noticed a lemure
  2316 | D:4      | Noticed a lemure
  2324 | D:4      | Noticed a lemure
  2327 | D:4      | Noticed a lemure
  2331 | D:4      | Mangled by Pikel

Illustrated notes

Levels and vault maps discovered:
D:1:      denvon_arrival_hothouse, layout_loops_ring,
          ebering_ecumenical_altar_rust, st_stairs_6, minmay_misc_feat_chi
D:2:      layout_basic
D:3:      layout_rooms, elyvilon_altar_4, kiku_gazebo_garden_becter,
          kennysheep_flooded_box, hangedman_feature_mirror
D:4:      layout_loops_cross, mainiacjoe_overflow_six_doors_small,
          marbit_many_paths, minmay_temple_entry_oklob, minmay_misc_feat_x,
          nrook_mini_vaults, uniq_grinder, uniq_pikel

Skill      XL: |  1  2  3  4 |
---------------+-------------+-----
Long Blades    | 4 |  4.9
Fighting       | 4 |  4.4
Dodging        | 5 |  5.3

Action                     |  1- 3 |  4- 6 || total
---------------------------+-------+-------++-------
  Melee: Falchion          |   102 |    53 ||   155
  Throw: Dart              |     7 |       ||     7
    Use: Scroll            |       |     9 ||     9
   Stab: Sleeping          |       |     1 ||     1
 Armour: Robe              |     2 |       ||     2
         Leather armour    |    26 |    21 ||    47
  Dodge: Dodged            |    80 |    28 ||   108
